 Dungeon Crawl Stone Soup version 0.28.0-43-g3370ac3207 (webtiles) character file.

Game seed: 16916434679854063704

3357 Peloso the Carver (level 9, 0/79 HPs)
             Began as a Minotaur Fighter on Mar 19, 2022.
             Was a Priest of Okawaru.
             Killed from afar by Erica (30 damage)
             ... with a lance of force
             ... on level 8 of the Dungeon.
             The game lasted 00:11:32 (6560 turns).

Peloso the Carver (Minotaur Fighter)                Turns: 6560, Time: 00:11:32

Health: 0/79       AC: 15    Str: 22    XL:     9   Next: 73%
Magic:  8/8        EV:  7    Int:  5    God:    Okawaru [***...]
Gold:   449        SH:  5    Dex: 13    Spells: 8/8 levels left

rFire   . . .      SeeInvis .   a - +0 long sword
rCold   + . .      Faith    .   c - +0 buckler
rNeg    . . .      Spirit   .   G - +0 plate armour
rPois   .          Reflect  .   r - +1 hat
rElec   .          Harm     .   (no cloak)
rCorr   .          Rampage  .   (no gloves)
Will    .....                   i - +0 pair of boots
Stlth   ..........              s - amulet of regeneration
HPRegen 1.03/turn               m - ring of protection from cold
MPRegen 0.11/turn               (no ring)

@: no status effects
A: horns 2, retaliatory headbutt
a: Renounce Religion, Heroism


You were on level 8 of the Dungeon.
You worshipped Okawaru.
Okawaru was most pleased with you.
You visited 1 branch of the dungeon, and saw 8 of its levels.
You also visited: Ossuary.

You collected 449 gold pieces.

Inventory:

Hand Weapons
 a - a +0 long sword (weapon)
Missiles
 B - a throwing net (quivered)
Armour
 b - a +0 scale mail
 c - a +0 buckler (worn)
 i - a +0 pair of boots (worn)
 r - a +1 hat (worn)
 E - +0 swamp dragon scales
 G - a +0 plate armour (worn)
Jewellery
 m - a ring of protection from cold (left hand)
 s - an amulet of regeneration (around neck)
 F - a ring of ice
 I - a ring of wizardry
Wands
 k - a wand of flame (17)
 D - a wand of iceblast (7)
Scrolls
 e - a scroll of fog
 f - a scroll of immolation
 j - 4 scrolls of teleportation
 n - a scroll of identify
 o - 2 scrolls of amnesia
 p - a scroll of fear
 x - a scroll of brand weapon
 y - a scroll of enchant weapon {unknown}
 C - 2 scrolls of magic mapping {unknown}
 H - a scroll of holy word {unknown}
Potions
 d - a potion of might
 g - 4 potions of heal wounds
 h - a potion of attraction {unknown}
 l - 2 potions of mutation
 q - 3 potions of flight {unknown}
 t - 2 potions of magic
 u - 4 potions of curing
 v - 2 potions of berserk rage {unknown}
 w - a potion of cancellation {unknown}
 z - a potion of resistance
 A - a potion of ambrosia


   Skills:
 + Level 7.6 Fighting
 + Level 11.7 Long Blades
 + Level 7.8 Armour
 + Level 4.0 Dodging
 + Level 0.5 Stealth
 + Level 6.1 Shields


You had 8 spell levels left.
You didn't know any spells.
Your spell library contained the following spells:

 Spells                   Type           Power      Damage    Failure   Level
 Magic Dart               Conj           0%         1d3       100%        1
 Ensorcelled Hibernation  Hex/Ice        0%         N/A       100%        2
 Searing Ray              Conj           0%         2d4       100%        2
 Static Discharge         Conj/Air       0%         N/A       100%        2
 Spider Form              Tmut/Pois      0%         N/A       100%        3
 Anguish                  Hex/Necr       0%         N/A       100%        4
 Fulminant Prism          Conj/Hex       0%         3d6       100%        4
 Lightning Bolt           Conj/Air       0%         1d11      100%        5
 Maxwell's Capacitive Co  Air            0%         ∞         100%        8
 Summon Forest            Summ/Tloc      Unusable   N/A       N/A         5
 Summon Mana Viper        Hex/Summ       Unusable   N/A       N/A         5
 Summon Cactus Giant      Summ           Unusable   N/A       N/A         6

Dungeon Overview and Level Annotations

Branches:
Dungeon (8/15)             Temple (0/1) D:7         Ossuary (visited)
   Lair: D:8-11

Altars:
Fedhas
Gozag
Makhleb
Okawaru
Ru

Annotations:
D:5 3 runed translucent doors, Ablot's ghost, novice GnWr
D:8 Erica; Joseph


Innate Abilities, Weirdness & Mutations

You have a pair of horns on your head.
You reflexively headbutt those who attack you in melee.


Message History

Erica is moderately wounded.
Erica closely misses you.
You closely miss Erica.
Erica is moderately wounded.
Erica hits you but does no damage.
You slash Erica! You headbutt Erica.
Erica is severely wounded.
You completely miss Erica. You headbutt Erica, but do no damage.
Erica is severely wounded.
Erica screams, "I'll never tell where it is!"
Erica hits you with a +0 scimitar of flaming.
Erica burns you.
You barely miss Erica.
Erica is severely wounded.
Erica hits you with a +0 scimitar of flaming.
Erica burns you.
Joseph, a Mercenary comes into view.
He is wielding a +0 quarterstaff.
You hit Erica.
Erica is severely wounded.
Erica hits you with a +0 scimitar of flaming.
Erica burns you.
Joseph unwields a +0 quarterstaff.
Joseph wields a +0 hunting sling.
Joseph shoots a sling bullet.
The sling bullet hits you!
You slash Erica!
Erica is almost dead.
You block Erica's attack.
You barely miss Erica.
Erica is almost dead.
Joseph shoots a sling bullet.
The sling bullet hits you!
Erica screams, "Hurry, death AWAITS you!"
You block Erica's attack.
You hit Erica. Your headbutt misses Erica.
Erica is almost dead.
Joseph shoots a sling bullet.
You block the sling bullet.
You closely miss Erica. You headbutt Erica, but do no damage.
Erica is almost dead.
Erica looks angry.
Erica gestures at you while chanting. The lance of force hits you!!
You die...

######## #......##
##.......##
#<........#
#.........#
#)........#
#.<.@@....# #
##).......#
...#####......#
......####@...#
...{.........##
....<............
....o..###........
....... ####.....
....... ###..


You could see Joseph and Erica.

Vanquished Creatures
  Maggie (D:6)
  Sigmund (D:6)
  A wraith (D:7)
  A steam dragon (D:6)
  Duvessa (D:6)
  A water moccasin (D:7)
  2 orc warriors (D:7)
  2 ice beasts
  A hornet zombie (D:5)
  A necrophage (D:6)
  A centaur (D:7)
  A phantom (D:4)
  Blork the orc (D:6)
  9 scorpions
  Dowan (D:6)
  3 killer bees (D:7)
  4 hounds
  A human zombie (Ossuary)
  A jelly (D:5)
  A centaur zombie (Ossuary)
  3 orc priests
  3 orc wizards
  7 scorpion zombies (Ossuary)
  3 iguanas
  2 hound skeletons (D:4)
  3 mummies (Ossuary)
  2 howler monkey zombies
  Robin (D:2)
  2 howler monkey skeletons
  7 adders
  4 gnolls (D:4)
  An ufetubus (D:5)
  3 worms (D:2)
  A dart slug (D:4)
  12 orcs
  A bat (D:2)
  5 endoplasms
  2 giant cockroaches
  A gnoll zombie (Ossuary)
  17 goblins
  9 hobgoblins
  7 jackals
  3 kobolds
  5 quokkas
  8 ball pythons
  3 frilled lizards
  5 goblin zombies (Ossuary)
  2 hobgoblin zombies (Ossuary)
  2 kobold zombies (Ossuary)
  2 orc zombies (Ossuary)
  9 rats
170 creatures vanquished.

Notes
Turn   | Place    | Note
-------+----------+-------------------------------------------
     0 | D:1      | Peloso the Minotaur Fighter began the quest for the Orb.
     0 | D:1      | Reached XP level 1. HP: 19/19 MP: 0/0
    65 | D:1      | Reached XP level 2. HP: 27/27 MP: 1/1
   488 | D:2      | Reached XP level 3. HP: 19/33 MP: 2/2
   961 | D:2      | Reached skill level 3 in Long Blades
  1065 | D:3      | Reached XP level 4. HP: 41/41 MP: 3/3
  1157 | D:2      | Noticed Robin
  1191 | D:2      | Killed Robin
  1192 | D:2      | Reached skill level 4 in Long Blades
  1539 | D:2      | Found a faded altar of an unknown god.
  2064 | D:3      | Reached XP level 5. HP: 43/47 MP: 4/4
  2427 | D:4      | Noticed a phantom
  2442 | D:4      | Killed a phantom
  2443 | D:4      | Reached skill level 5 in Fighting
  2443 | D:4      | Reached skill level 5 in Long Blades
  2443 | D:4      | Reached XP level 6. HP: 56/56 MP: 5/5
  2472 | D:4      | Reached skill level 5 in Armour
  2472 | D:4      | Reached skill level 1 in Dodging
  2684 | D:4      | Found a burning altar of Makhleb.
  2708 | D:4      | Found an iron altar of Okawaru.
  2719 | D:4      | Became a worshipper of Warmaster Okawaru
  2877 | D:5      | Entered Level 5 of the Dungeon
  2895 | D:5      | Reached skill level 6 in Long Blades
  3034 | D:5      | Reached XP level 7. HP: 46/61 MP: 6/6
  3086 | D:5      | Found a sand-covered staircase.
  3131 | Ossuary  | Entered an ossuary
  3215 | Ossuary  | Reached skill level 7 in Long Blades
  3257 | Ossuary  | Reached * piety under Okawaru
  3292 | Ossuary  | Reached skill level 8 in Long Blades
  3311 | Ossuary  | Reached XP level 8. HP: 55/70 MP: 7/7
  3371 | Ossuary  | Reached ** piety under Okawaru
  3463 | Ossuary  | Reached skill level 9 in Long Blades
  3463 | Ossuary  | Reached skill level 5 in Shields
  3593 | D:5      | Noticed Ablot's ghost (novice GnWr)
  3596 | D:5      | Found a runed translucent gate.
  3596 | D:5      | Found a runed translucent gate.
  3596 | D:5      | Found a runed translucent gate.
  4141 | D:6      | Found a sacrificial altar of Ru.
  4211 | D:6      | Found an opulent altar of Gozag.
  4312 | D:6      | Noticed Duvessa
  4327 | D:6      | Noticed Dowan
  4332 | D:6      | Killed Duvessa
  4340 | D:6      | Killed Dowan
  4403 | D:6      | Noticed Blork the orc
  4425 | D:6      | Killed Blork the orc
  4427 | D:6      | Noticed Sigmund
  4444 | D:6      | Killed Sigmund
  4445 | D:6      | Reached skill level 10 in Long Blades
  4548 | D:6      | Reached XP level 9. HP: 30/78 MP: 8/8
  4610 | D:6      | Reached *** piety under Okawaru
  4862 | D:6      | Noticed Maggie
  4872 | D:6      | Killed Maggie
  4972 | D:6      | Found a blossoming altar of Fedhas.
  5077 | D:7      | Found a staircase to the Ecumenical Temple.
  5274 | D:7      | Reached skill level 11 in Long Blades
  5930 | D:8      | Noticed Erica
  6555 | D:8      | Noticed Joseph
  6560 | D:8      | Killed from afar by Erica

Illustrated notes

Levels and vault maps discovered:
D:1:      tarquinn_simple_flora_water_c, layout_rooms, serial_bayou,
          serial_bayou_shore_a, serial_bayou_pond_e, serial_bayou_pond_d,
          serial_bayou_pond_e
D:2:      layout_basic, chequers_ecumenical_altar_simple_redux, feat_on_display,
          uniq_robin
D:3:      layout_basic, minmay_misc_feat_square
D:4:      layout_cave_pools, nicolae_overflow_squiral
D:5:      layout_loops_ring, gammafunk_ghost_split, chequers_ossuary_entry_cave
D:6:      layout_basic, mainiacjoe_overflow_24_doors,
          lemuel_coloured_pillars_altar, fedhas_altar_fruit_tree, uniq_sigmund,
          uniq_duvessa, uniq_maggie, uniq_blork_the_orc
D:7:      layout_basic, minmay_temple_entry_stoned_glass, minivault_27
D:8:      layout_cave_pods, serial_shops, shop, palyth_stone_intersect,
          uniq_harold, uniq_grum, uniq_joseph, uniq_erica

Skill      XL: |  1  2  3  4  5  6  7  8  9 |
---------------+----------------------------+-----
Fighting       | 4 5 6 7 |  7.6
Armour         | 4 5 7 |  7.8
Shields        | 4 5 6 |  6.1
Long Blades    | 3 4 5 6 8 10 11 | 11.7
Dodging        | 1 2 3 4 |  4.0
Stealth        | |  0.5

Action                   |  1- 3 |  4- 6 |  7- 9 || total
-------------------------+-------+-------+-------++-------
Melee: Long sword        |    64 |   195 |   317 ||   576
       Headbutt          |    10 |    32 |    77 ||   119
  Use: Scroll            |       |     5 |     9 ||    14
       Potion            |       |       |     1 ||     1
Armor: Scale mail        |    31 |    80 |    64 ||   175
       Swamp dragon scal |       |       |    29 ||    29
       Plate armour      |       |       |     2 ||     2
Dodge: Dodged            |    30 |   101 |   138 ||   269
Block: Buckler           |    10 |    48 |    68 ||   126
